 Dungeon Crawl Stone Soup version 0.30-a0-176-gdd20fb75b6 (webtiles) character file.

Game seed: 14360810653237545112

8846 BlueGoblin the Merchant of Misery (level 11, -9/66 (78) HPs)
             Began as a Demonspawn Necromancer on Oct 2, 2022.
             Was a Believer of Kikubaaqudgha.
             Mangled by a komodo dragon (12 damage)
             ... on level 1 of the Lair of Beasts.
             The game lasted 00:39:06 (13008 turns).

BlueGoblin the Merchant of Misery (DsNe)           Turns: 13008, Time: 00:39:07

HP:   -9/66 (78)    AC: 16    Str: 10    XL:     11   Next: 15%
MP:   0/24          EV: 14    Int: 28    God:    Kikubaaqudgha [**....]
Gold: 628           SH:  0    Dex: 15    Spells: 7/29 levels left

rFire   . . .      SeeInvis +    l - staff of air
rCold   . . .      Faith    .    (no shield)
rNeg    . . .      Spirit   +    a - +0 robe
rPois   .          Reflect  .    (helmet restricted)
rElec   +          Harm     .    (no cloak)
rCorr   .          Rampage  .    f - +0 pair of gloves
Will    +....                    (no boots)
Stlth   ++........               F - amulet of Zidos {Spirit Int+2}
HPRegen 0.31/turn                k - +4 ring of protection
MPRegen 0.38/turn                A - ring "Soamiasa" {Will+ Int+8 SInv}

@: sanguine armoured, heavily drained
A: antennae 1, spiny 1, magic regeneration, sanguine armour 2
a: Renounce Religion, Unearth Wretches


You were on level 1 of the Lair of Beasts.
You worshipped Kikubaaqudgha.
Kikubaaqudgha was pleased with you.
You visited 3 branches of the dungeon, and saw 13 of its levels.

You collected 628 gold pieces.

Inventory:

Hand Weapons
 e - a +1 dagger of speed
Missiles
 B - a throwing net
Armour
 a - a +0 robe (worn)
 f - a +0 pair of gloves (worn)
 t - a +1 ring mail of cold resistance
 K - a +0 cloak
Magical Staves
 l - a staff of air (weapon)
Jewellery
 d - an amulet of reflection
 k - a +4 ring of protection (left hand)
 p - a ring of resist corrosion
 z - a +6 ring of dexterity
 A - the ring "Soamiasa" (right hand) {Will+ Int+8 SInv}
   (You acquired it on level 7 of the Dungeon)

   [ring of willpower]

   Int:       It affects your intelligence (+8).
   SInv:      It lets you see invisible.
   Will:      It increases your willpower.
 E - a ring of protection from fire
 F - the amulet of Zidos (around neck) {Spirit Int+2}
   (You acquired it on level 7 of the Dungeon)

   [amulet of guardian spirit]

   It causes incoming damage to be divided between your reserves of health and
   magic.
   Int:       It affects your intelligence (+2).
Wands
 o - a wand of light (1)
 r - a wand of digging (3)
 G - a wand of charming (9)
 J - a wand of flame (14)
 M - a wand of mindburst (2)
Scrolls
 g - a scroll of fear
 n - 2 scrolls of magic mapping
 s - 5 scrolls of identify
 x - 2 scrolls of vulnerability
 y - 3 scrolls of teleportation
 D - a scroll of amnesia
 I - 3 scrolls of blinking {unknown}
 L - a scroll of silence
 O - a scroll of immolation
 P - a scroll of fog
Potions
 b - a potion of magic
 c - a potion of resistance
 h - 8 potions of heal wounds {unknown}
 i - 3 potions of mutation
 j - 3 potions of curing
 m - 3 potions of degeneration {unknown}
 q - a potion of invisibility {unknown}
 u - a potion of haste {unknown}
 v - a potion of ambrosia {unknown}
 w - 4 potions of attraction {unknown}
 C - 2 potions of might {unknown}
 H - a potion of berserk rage {unknown}
 N - 2 potions of flight {unknown}


   Skills:
 + Level 4.6 Fighting
 + Level 4.8 Staves
 + Level 5.6 Dodging
 - Level 1.7 Stealth
 + Level 9.9 Spellcasting
 + Level 12.0 Necromancy
 + Level 0.5 Evocations


You had 7 spell levels left.
You knew the following spells:

 Your Spells              Type           Power      Damage    Failure   Level
a - Animate Dead          Necr           69%        N/A       1%          4
b - Agony                 Necr           69%        N/A       1%          5
c - Swiftness             Air            20%        N/A       12%         3
q - Vampiric Draining     Necr           69%        2d10      1%          3
s - Anguish               Hex/Necr       23%        N/A       3%          4
w - Kiss of Death         Conj/Necr      100%       2d13      1%          1
x - Cigotuvi's Dreadful   Necr/Pois/Air  100%       N/A       1%          2

Your spell library contained the following spells:

 Spells                   Type           Power      Damage    Failure   Level
 Necrotise                Necr           100%       1d9       1%          1
 Apportation              Tloc           26%        N/A       4%          1
 Shock                    Conj/Air       80%        1d8       4%          1
 Summon Small Mammal      Summ           52%        N/A       4%          1
 Blink                    Tloc           26%        N/A       6%          2
 Ensorcelled Hibernation  Hex/Ice        26%        N/A       6%          2
 Momentum Strike          Conj/Tloc      26%        3d8       6%          2
 Dazzling Flash           Conj/Hex       26%        N/A       12%         3
 Lesser Beckoning         Tloc           13%        N/A       12%         3
 Spider Form              Tmut/Pois      13%        N/A       12%         3
 Airstrike                Air            10%        2d(2-18)  38%         4
 Summon Ice Beast         Ice/Summ       13%        N/A       38%         4
 Silence                  Hex/Air        10%        N/A       75%         5
 Summon Mana Viper        Hex/Summ       13%        N/A       75%         5
 Monstrous Menagerie      Summ           6%         N/A       100%        7


Dungeon Overview and Level Annotations

Branches:
Dungeon (11/15)            Temple (1/1) D:4            Lair (1/5) D:10
    Orc: D:9-12

Altars:
Ashenzari
Cheibriados
Dithmenos
Fedhas
Gozag
Hepliaklqana
Kikubaaqudgha
Makhleb
Nemelex Xobeh
Okawaru
Qazlal
Ru
Sif Muna
Trog
Uskayaw
Vehumet
Wu Jian
Xom
Yredelemnul

Shops:
D:4 [   D:6 ?   D:8 =   D:10 [

Annotations:
D:6 2 transporters, hotpinklipstick's ghost, novice OpCK


Innate Abilities, Weirdness & Mutations

You have a pair of small antennae on your head.
You are partially covered in sharp spines.
You regenerate magic rapidly.
When seriously injured, your blood forms thick armour. (AC +9)


Message History

The komodo dragon is severely wounded.
You feel drained. The komodo dragon misses you.
You hit the komodo dragon but do no damage.
The komodo dragon is severely wounded.
The komodo dragon is struck by your spines.
The komodo dragon bites you.
* * * LOW HITPOINT WARNING * * *
You hit the komodo dragon.
The komodo dragon is almost dead.
The komodo dragon barely misses you.
You hit the komodo dragon.
The komodo dragon is almost dead.
The komodo dragon bites you.
* * * LOW HITPOINT WARNING * * *
You hit the komodo dragon.
The komodo dragon is almost dead.
The komodo dragon closely misses you.
You hit the komodo dragon but do no damage.
The komodo dragon is almost dead.
The komodo dragon bites you.
* * * LOW HITPOINT WARNING * * *
You completely miss the komodo dragon.
The komodo dragon is almost dead.
The komodo dragon barely misses you.
You hit the komodo dragon but do no damage.
The komodo dragon is almost dead.
The komodo dragon is struck by your spines.
The komodo dragon closely misses you.
You hit the komodo dragon but do no damage.
The komodo dragon is almost dead.
The komodo dragon bites you!
* * * LOW HITPOINT WARNING * * *
You hit the komodo dragon but do no damage.
The komodo dragon is almost dead.
The komodo dragon closely misses you.
You hit the komodo dragon but do no damage.
The komodo dragon is almost dead.
The komodo dragon bites you!
You die...
Kikubaaqudgha rasps: "You have failed me!
Welcome... death!"

##..................
#......... .........
#P........ .........
#....... ..........
#.....# #.........#
#....P #.........##
#...l#####.#####.....
#...@.......~≈≈#...#.
#....##.##.#~≈≈~.....
##.#P#####..≈≈≈#.....
##### #..###......
#...........
##P##<...#..
###........ #........
#......#.


You could see a komodo dragon (drained).

Vanquished Creatures
  A two-headed ogre (D:10)
  Prince Ribbit (D:5)
  Grinder (D:6)
  A slime creature (D:9)
  3 yaks
  Edmund (D:4)
  Duvessa (D:5)
  An ice beast (D:5)
  A black bear (D:10)
  An orc warrior (D:8)
  A sky beast (D:6)
  2 ogres
  2 centaurs
  A phantom (D:4)
  A necrophage (D:4)
  4 scorpions
  Blork the orc (D:4)
  7 bullfrogs
  A wight (D:8)
  Dowan (D:5)
  A howler monkey (D:5)
  2 jellies (D:7)
  A gnoll bouda (D:7)
  3 orc priests
  3 hounds
  Ijyb (D:4)
  Jessica (D:3)
  2 iguanas
  5 orc wizards
  A scorpion zombie (D:4)
  A hound skeleton (D:4)
  3 gnolls
  8 adders
  2 white imps
  3 worms (D:2)
  2 dart slugs
  12 orcs
  11 ball pythons
  5 endoplasms
  4 giant cockroaches
  11 goblins
  4 hobgoblins
  10 jackals
  A quokka (D:3)
  9 bats
  5 frilled lizards (D:1)
  14 kobolds
  3 rats (D:1)
161 creatures vanquished.

Vanquished Creatures (collateral kills)
  An elephant (D:10)
  2 wyverns (D:10)
  10 yaks
  A black bear (D:10)
  A gnoll (D:7)
  2 orcs (D:9)
  A kobold (D:9)
  A ball python (D:3)
19 creatures vanquished.

Vanquished Creatures (others)
  A two-headed ogre (D:10)
  A boulder beetle (D:9)
  A deep elf pyromancer (D:9)
  A cyclops (D:9)
  A manticore (D:10)
  An ugly thing (D:10)
  An unseen horror (D:10)
  An unseen horror zombie (D:10)
  A troll (D:10)
  A shadow (D:9)
  5 yaks
  An orc warrior (D:9)
  A sky beast (D:7)
  2 centaurs
  2 kobold brigands
  A wyvern zombie (D:10)
  4 wights (D:8)
  3 orc priests
  An iguana (D:7)
  2 orc wizards
  A gnoll (D:7)
  9 orc zombies
  3 orcs
  2 gnoll zombies (D:7)
  3 kobolds (D:9)
  2 kobold zombies (D:8)
  2 withered plants (D:4)
54 creatures vanquished.

Grand Total: 234 creatures vanquished

Notes
Turn   | Place    | Note
-------+----------+-------------------------------------------
     0 | D:1      | BlueGoblin the Demonspawn Necromancer began the quest for
                  | the Orb.
     0 | D:1      | Reached XP level 1. HP: 13/13 MP: 3/3
   220 | D:1      | Gained mutation: When seriously injured, your blood forms
                  | armour. (AC +9) [demonic ancestry]
   220 | D:1      | Reached XP level 2. HP: 19/19 MP: 0/5
   309 | D:1      | Reached skill level 5 in Necromancy
   790 | D:1      | Gained mutation: You are partially covered in sharp spines.
                  | [demonic ancestry]
   790 | D:1      | Reached XP level 3. HP: 24/24 MP: 4/6
  1565 | D:2      | Found a faded altar of an unknown god.
  1614 | D:2      | Learned a level 3 spell: Vampiric Draining
  2470 | D:3      | Reached XP level 4. HP: 30/30 MP: 8/8
  2717 | D:3      | Reached XP level 5. HP: 23/36 MP: 4/10
  3119 | D:3      | Noticed Jessica
  3128 | D:3      | Killed Jessica
  3412 | D:4      | Found an iron altar of Okawaru.
  3431 | D:4      | Noticed Blork the orc
  3445 | D:4      | Killed Blork the orc
  3532 | D:4      | Found Hophued's Armour Emporium.
  3634 | D:4      | Reached skill level 1 in Fighting
  3634 | D:4      | Reached skill level 1 in Staves
  3634 | D:4      | Reached skill level 6 in Necromancy
  3634 | D:4      | Gained mutation: You have a pair of small antennae on your
                  | head. [demonic ancestry]
  3634 | D:4      | Reached XP level 6. HP: 39/43 MP: 10/12
  3795 | D:4      | Noticed Edmund
  3805 | D:4      | Killed Edmund
  3883 | D:4      | Reached XP level 7. HP: 36/48 MP: 5/14
  4020 | D:4      | Found a staircase to the Ecumenical Temple.
  4201 | D:4      | Found a burning altar of Makhleb.
  4201 | D:4      | Found a stormy altar of Qazlal.
  4208 | D:4      | Found a broken altar of Ashenzari.
  4209 | D:4      | Noticed Ijyb
  4210 | D:4      | Found a hide-covered altar of Uskayaw.
  4249 | D:4      | Killed Ijyb
  4261 | D:4      | Found a faded altar of an unknown god.
  4273 | D:4      | Learned a level 4 spell: Animate Dead
  4277 | D:4      | Learned a level 3 spell: Swiftness
  4539 | D:5      | Entered Level 5 of the Dungeon
  4551 | Temple   | Entered the Ecumenical Temple
  4667 | Temple   | Became a worshipper of Kikubaaqudgha
  4820 | D:5      | Noticed Dowan
  4823 | D:5      | Noticed Duvessa
  4840 | D:5      | Killed Duvessa
  4841 | D:5      | Reached skill level 5 in Spellcasting
  4856 | D:5      | Reached skill level 7 in Necromancy
  4869 | D:5      | Killed Dowan
  4957 | D:5      | Reached XP level 8. HP: 15/56 MP: 1/16
  5342 | D:5      | Noticed Prince Ribbit
  5673 | D:5      | Killed Prince Ribbit
  6431 | D:6      | Noticed hotpinklipstick's ghost (novice OpCK)
  6431 | D:6      | Found a transporter.
  6507 | D:6      | Noticed Grinder
  6518 | D:6      | Found Qatwufirgh's Magic Scroll Shoppe.
  6648 | D:6      | Noticed a boulder beetle
  6659 | D:6      | Found a transporter.
  6662 | D:6      | Reached * piety under Kikubaaqudgha
  6662 | D:6      | Received a gift from Kikubaaqudgha
  6792 | D:6      | Paralysed by Grinder for 2 turns
  6803 | D:6      | Paralysed by Grinder for 4 turns
  6820 | D:6      | Paralysed by Grinder for 3 turns
  6857 | D:6      | Killed Grinder
  6858 | D:6      | Reached skill level 8 in Necromancy
  7050 | D:6      | Learned a level 1 spell: Kiss of Death
  7053 | D:6      | Learned a level 2 spell: Cigotuvi's Dreadful Rot
  7312 | D:6      | Reached XP level 9. HP: 52/62 MP: 7/19
  8002 | D:7      | Learned a level 4 spell: Anguish
  8015 | D:7      | Reached skill level 9 in Necromancy
  8544 | D:7      | Found a basalt altar of Yredelemnul.
  8570 | D:7      | Reached ** piety under Kikubaaqudgha
  8982 | D:7      | Identified 2 scrolls of acquirement
  8982 | D:7      | Acquired the amulet of Zidos {Spirit Int+2}
  8984 | D:7      | Acquired the ring "Soamiasa" {Will+ Int+8 SInv}
  9546 | D:8      | Found Fufiel's Jewellery Boutique.
 10376 | D:9      | Reached skill level 10 in Necromancy
 10581 | D:9      | Noticed a deep elf pyromancer
 10987 | D:9      | Gained mutation: When seriously injured, your blood forms
                  | thick armour. (AC +9) [demonic ancestry]
 10987 | D:9      | Reached XP level 10. HP: 49/71 MP: 14/22
 11411 | D:10     | Entered Level 10 of the Dungeon
 11591 | D:10     | Found a staircase to the Lair.
 11591 | D:10     | Noticed an elephant
 11613 | D:10     | Reached skill level 5 in Dodging
 11614 | D:10     | Killed an elephant
 11743 | D:10     | Reached skill level 11 in Necromancy
 12022 | D:10     | Noticed a two-headed ogre
 12028 | D:10     | Killed a two-headed ogre
 12226 | D:10     | Noticed a green ugly thing
 12238 | D:10     | Killed a green ugly thing
 12401 | D:10     | Gained mutation: You regenerate magic rapidly. [demonic
                  | ancestry]
 12401 | D:10     | Reached XP level 11. HP: 58/78 MP: 9/24
 12523 | D:10     | Found Rutreuk's Antique Armour Shop.
 12619 | D:10     | Noticed a two-headed ogre
 12627 | D:10     | Killed a two-headed ogre
 12631 | D:10     | Reached skill level 12 in Necromancy
 12958 | Lair:1   | Entered Level 1 of the Lair of Beasts
 12965 | Lair:1   | Learned a level 5 spell: Agony
 13006 | Lair:1   | HP: 2/66 [komodo dragon (6)]
 13008 | Lair:1   | Mangled by a komodo dragon

Illustrated notes

Levels and vault maps discovered:
D:1:      elethiomel_arrival_quiet, layout_basic, corexii_corridor_pit,
          corexii_hall_statues_u, minmay_misc_feat_tower
D:2:      layout_basic, ebering_ecumenical_altar_box, nicolae_wormholes
D:3:      kennysheep_the_goblin_king, layout_rooms, uniq_jessica
D:4:      layout_gridville, okawaru_gym_becter,
          chequers_temple_overflow_minitemple, minmay_temple_entry_large_hall,
          serial_shops, shop, serial_undead, serial_undead_e, serial_undead_e,
          serial_undead_d, serial_undead_e, kennysheep_generic_room_10,
          uniq_edmund, uniq_ijyb, uniq_blork_the_orc
D:5:      layout_layer_cave, uniq_duvessa, uniq_prince_ribbit1
D:6:      layout_cave_pods, gammafunk_ghost_arena, serial_shops, shop,
          uniq_grinder
D:7:      layout_cave_pools, amcnicky_altar_gilded
D:8:      layout_basic, serial_shops, nicolae_shop_advertising_works
          [nicolae_subvault_shop_adworks], hangedman_decor_riveting
D:9:      nicolae_cairo_tiling_large, layout_cave_pools, lemuel_tele_altar
D:10:     layout_stronghold, nicolae_elyvilon_peaceful_grove,
          david_lair_generic, serial_shops, shop, serial_column_ruins,
          column_ruins_hut_ruined, column_ruins_circle_small,
          column_ruins_open_tiny, column_ruins_open_tiny, column_ruins_grid_1,
          column_ruins_open_tiny, column_ruins_corridor_corner, st_stairs_12,
          minmay_stone_trees_small
D:11:     layout_stronghold, zombieorc2_lemuel, gammafunk_ghost_ooze,
          chequers_serial_rivers_large_a, uniq_erica
Temple:   nicolae_temple_two_arcs
Lair:1:   layout_gridlike, grunt_megastairs_2, lemuel_fruit_tree, uniq_amaemon

Skill      XL: |  1  2  3  4  5  6  7  8  9 10 11 |
---------------+----------------------------------+-----
Necromancy     | 5 6 7 8 10 11 12 | 12.0
Dodging        | 2 3 4 5 |  5.6
Spellcasting   | 3 4 5 6 8 9 |  9.9
Fighting       | 1 2 3 4 |  4.6
Staves         | 1 2 3 4 |  4.8
Stealth        | |  1.7
Evocations     | |  0.5

Action                   |  1- 3 |  4- 6 |  7- 9 | 10-12 || total
-------------------------+-------+-------+-------+-------++-------
Melee: Dagger            |    30 |       |       |       ||    30
       Staff             |     4 |    86 |   286 |    80 ||   456
       Punch             |     1 |     1 |     2 |     2 ||     6
 Cast: Necrotise         |    54 |    49 |     4 |       ||   107
       Vampiric Draining |       |     2 |    51 |     2 ||    55
       Animate Dead      |       |       |     7 |     1 ||     8
       Anguish           |       |       |    27 |    26 ||    53
       Cigotuvi's Dreadf |       |       |     1 |       ||     1
       Kiss of Death     |       |       |       |     1 ||     1
Invok: Unearth Wretches  |       |       |     1 |     1 ||     2
  Use: Scroll            |     4 |     5 |     8 |       ||    17
       Potion            |       |       |     1 |     3 ||     4
 Stab: Sleeping          |       |       |     2 |       ||     2
       Paralysed         |       |       |     1 |     1 ||     2
       Distracted        |       |       |       |     2 ||     2
Armor: Robe              |     5 |    31 |   104 |    28 ||   168
Dodge: Dodged            |    23 |    67 |   221 |    53 ||   364
Block: Other             |     6 |    23 |    75 |       ||   104
       Reflection        |       |     1 |     4 |       ||     5

Table legend: (Time is in decaauts)
 A = Elapsed time spent in this place.
 B = Non-inter-level travel time spent in this place.
 C = Inter-level travel time spent in this place.
 D = Time resting spent in this place.
 E = Time spent auto-exploring this place.
 F = Levels seen in this place.
 G = Mean time per level.
                   A        B        C        D        E       F      G
               +--------+--------+--------+--------+--------+-----+--------+
         Total |  13032 |  12177 |    855 |   1417 |   8861 |  13 | 1002.5 |
       Dungeon |  12858 |  12010 |    848 |   1417 |   8742 |  11 | 1168.9 |
        Temple |    124 |    117 |      7 |      0 |    104 |   1 |  124.0 |
          Lair |     48 |     48 |      0 |      0 |     15 |   1 |   48.0 |
               +--------+--------+--------+--------+--------+-----+--------+

Top non-repeatable levels by time:
     D:5: 1820 daAuts
    D:10: 1543 daAuts
     D:1: 1460 daAuts
     D:6: 1424 daAuts
     D:7: 1387 daAuts
     D:4: 1279 daAuts
     D:9: 1109 daAuts
     D:8: 1001 daAuts
     D:2: 989 daAuts
     D:3: 837 daAuts
  Temple: 124 daAuts
  Lair:1: 48 daAuts
    D:11: 5 daAuts
